[Event "45th FIDE Womens Olympiad 2024"]
[Site "Budapest"]
[Date "2024.09.19"]
[Round "8.55"]
[White "Hryzlova, Sofiia"]
[Black "Shohradova, Leyla"]
[Result "1-0"]
[ECO "C02"]
[WhiteElo "2188"]
[BlackElo "1873"]
[Annotator "RC"]
[PlyCount "83"]
[EventDate "2024.09.05"]
[EventType "team-tourn"]
[EventCountry "HUN"]
[SourceTitle "playchess.com"]
[Source "ChessBase"]
[SourceQuality "1"]
[WhiteTeam "Switzerland"]
[BlackTeam "Turkmenistan"]
[WhiteTeamCountry "SUI"]
[BlackTeamCountry "TKM"]
[TimeControl "40/5400+30:1800+30"]

1. e4 e6 2. d4 d5 3. e5 c5 4. c3 Qb6 5. Nf3 Nc6 6. a3 Bd7 7. b4 cxd4 8. cxd4 Rc8 9. Bb2 Na5 10. Nbd2 Nc4 11. Nxc4 dxc4 12. Rc1 Qa6 13. Nd2 b5 14. Be2 Ne7 15. Ne4 Nd5 16. Qd2 Qb7 17. O-O Bc6 18. Ng3 Be7 19. f4 g6 20. Bf3 Ra8 21. Rf2 a5 22. bxa5 Qa6 23. Bxd5 Bxd5 24. Bc3 Bd8 25. f5 exf5 26. Ne2 Bxa5 27. Bxa5 Qxa5 28. Nc3 Be4 29. Qh6 Qb6 30. Qg7 Rf8 31. e6 Qb7 32. d5 Qe7 33. d6 Qxe6 34. Nxb5 Rc8 35. Nc7+ Rxc7 36. dxc7 Ke7 37. Qd4 Bd3 38. Rb2 Rc8 39. Rb8 f6 40. Rxc8 Qxc8 41. Re1+ Be4 42. Qxc4 1-0

[Event "45th FIDE Womens Olympiad 2024"]
[Site "Budapest"]
[Date "2024.09.19"]
[Round "8.56"]
[White "Rejepova, Jahan"]
[Black "Manko, Mariia"]
[Result "0-1"]
[ECO "D36"]
[WhiteElo "1915"]
[BlackElo "2159"]
[Annotator "RC"]
[PlyCount "64"]
[EventDate "2024.09.05"]
[EventType "team-tourn"]
[EventCountry "HUN"]
[SourceTitle "playchess.com"]
[Source "ChessBase"]
[SourceQuality "1"]
[WhiteTeam "Turkmenistan"]
[BlackTeam "Switzerland"]
[WhiteTeamCountry "TKM"]
[BlackTeamCountry "SUI"]
[TimeControl "40/5400+30:1800+30"]

1. d4 Nf6 2. c4 e6 3. Nc3 d5 4. cxd5 exd5 5. Bg5 Be7 6. e3 O-O 7. Bd3 Re8 8. Nge2 c6 9. O-O Nbd7 10. Qc2 a5 11. f3 b5 12. Kh1 Ba6 13. Rac1 Qb6 14. Nd1 b4 15. Bxa6 Qxa6 16. Nf2 c5 17. dxc5 Bxc5 18. Qd2 h6 19. Bf4 g5 20. Rxc5 gxf4 21. Nd3 Rxe3 22. Ndxf4 Rxe2 23. Nxe2 Nxc5 24. Rd1 Re8 25. Ng3 Qd3 26. Qc1 Qe3 27. Qc2 Nd3 28. Rf1 h5 29. h4 Qf4 30. Qxd3 Qxh4+ 31. Kg1 Qxg3 32. Qf5 Re2 0-1

[Event "45th FIDE Womens Olympiad 2024"]
[Site "Budapest"]
[Date "2024.09.19"]
[Round "8.57"]
[White "Cori T., Deysi"]
[Black "Injac, Teodora"]
[Result "0-1"]
[ECO "A49"]
[WhiteElo "2366"]
[BlackElo "2425"]
[Annotator "TA"]
[PlyCount "62"]
[EventDate "2024.09.05"]
[EventType "team-tourn"]
[EventCountry "HUN"]
[SourceTitle "playchess.com"]
[Source "ChessBase"]
[SourceQuality "1"]
[WhiteTeam "Peru"]
[BlackTeam "Serbia"]
[WhiteTeamCountry "PER"]
[BlackTeamCountry "SRB"]
[TimeControl "40/5400+30:1800+30"]

1. Nf3 Nf6 2. b3 g6 3. Bb2 Bg7 4. g3 d6 5. d4 b5 6. Bg2 Bb7 7. O-O Nbd7 8. a4 {The position is equal.} a6 9. Qd3 b4 10. a5 O-O 11. Nbd2 c5 12. dxc5 Nxc5 13. Qc4 Rb8 14. Rfd1 Qc7 15. Qh4 h6 {aiming for ...g5.} 16. Bxf6 exf6 17. Nc4 (17. g4 $15) 17... Ne4 $17 18. Nd4 Rfe8 19. Rd3 (19. Qf4 $17) 19... f5 $19 {[%cal Oe4f2] And now ...Nxf2! would win.} 20. Re1 $2 {[#]} (20. Rf1) 20... Nc5 21. Bxb7 Nxd3 ({Not} 21... Nxb7 22. e3 $17) (21... Qxb7 22. Nxd6 Qd5 23. Nxe8 Rxe8 24. Re3 $11) (21... Rxb7 $2 22. Nxf5 gxf5 (22... Nxd3 23. Nxg7 Kxg7 24. cxd3 $17) 23. Rxd6 $19) 22. cxd3 Rxb7 ({Weaker is} 22... Qxb7 23. Nxd6 Qd5 24. Nxe8 Rxe8 25. Nc2 $19) 23. Nf3 d5 24. Nb6 Qc5 25. Na4 Qxa5 {Strongly threatening ...Rbe7.} 26. Rc1 (26. Qf4 {was worth a try.}) 26... Rc7 {Black is clearly winning.} ({Inferior is} 26... Rxe2 27. Rc8+ Bf8 28. Qxh6) 27. Qf4 Rxc1+ 28. Qxc1 Rxe2 29. Qc8+ Kh7 {[#] ...Qb5 would now be deadly.} 30. Kg2 Qb5 31. d4 Qd3 {[%csl LRb3,LRd4] White did not feel at home in the position after the opening.   Weighted Error Value: White=0.68/Black=0.14 (very precise) .  Mistake:       	White=4     	---        Inaccurate:     	White=3     	Black=2      OK:         	White=5     	Black=10     Best:        	---       	Black=4} 0-1

[Event "45th FIDE Womens Olympiad 2024"]
[Site "Budapest"]
[Date "2024.09.19"]
[Round "8.58"]
[White "Gajcin, Marina"]
[Black "Aliaga Fernandez, Ingrid Y"]
[Result "1-0"]
[ECO "B51"]
[WhiteElo "2253"]
[BlackElo "2111"]
[Annotator "RC"]
[PlyCount "79"]
[EventDate "2024.09.05"]
[EventType "team-tourn"]
[EventCountry "HUN"]
[SourceTitle "playchess.com"]
[Source "ChessBase"]
[SourceQuality "1"]
[WhiteTeam "Serbia"]
[BlackTeam "Peru"]
[WhiteTeamCountry "SRB"]
[BlackTeamCountry "PER"]
[TimeControl "40/5400+30:1800+30"]

1. e4 c5 2. Nf3 d6 3. Bb5+ Nd7 4. a4 a6 5. Be2 Ngf6 6. d3 g6 7. O-O Bg7 8. a5 O-O 9. Nfd2 Qc7 10. f4 b5 11. axb6 Nxb6 12. Nc3 e5 13. Nc4 Nxc4 14. dxc4 Bb7 15. f5 gxf5 16. Rxf5 Bc8 17. Rf2 Be6 18. Bg5 Ne8 19. Nd5 Qb7 20. Be7 Qxb2 21. Bxf8 Kxf8 22. c3 Bxd5 23. Rb1 Qxc3 24. Qxd5 Ra7 25. Bh5 Qd4 26. Bxf7 Qxd5 27. Bxd5+ Nf6 28. Rbf1 Ke8 29. Rxf6 Bxf6 30. Rxf6 a5 31. Bc6+ Kd8 32. Rxd6+ Ke7 33. Rh6 Kf8 34. Ba4 Rb7 35. Bb5 Ra7 36. Rh3 Kg7 37. Ba4 Kf6 38. Rb3 Ra6 39. Rb5 Kg5 40. g3 1-0

[Event "45th FIDE Womens Olympiad 2024"]
[Site "Budapest"]
[Date "2024.09.19"]
[Round "8.59"]
[White "Contreras Huaman, Fiorella"]
[Black "Mandura, Tijana"]
[Result "1-0"]
[ECO "C64"]
[WhiteElo "2168"]
[BlackElo "2207"]
[Annotator "RC"]
[PlyCount "97"]
[EventDate "2024.09.05"]
[EventType "team-tourn"]
[EventCountry "HUN"]
[SourceTitle "playchess.com"]
[Source "ChessBase"]
[SourceQuality "1"]
[WhiteTeam "Peru"]
[BlackTeam "Serbia"]
[WhiteTeamCountry "PER"]
[BlackTeamCountry "SRB"]
[TimeControl "40/5400+30:1800+30"]

1. e4 e5 2. Nf3 Nc6 3. Bb5 a6 4. Ba4 Bc5 5. O-O Nge7 6. c3 Ba7 7. d4 Ng6 8. Bg5 f6 9. Be3 O-O 10. d5 Nce7 11. d6 cxd6 12. Qxd6 Bb8 13. Qd3 Kh8 14. Rd1 d6 15. Bb3 Qe8 16. Nbd2 f5 17. a4 fxe4 18. Qxe4 Nf4 19. Ng5 Neg6 20. Bxf4 Bf5 21. Qd5 Nxf4 22. Nf7+ Kg8 23. Nxd6+ Nxd5 24. Nxe8 Be6 25. Ne4 Nf4 26. Bxe6+ Nxe6 27. N8d6 Ba7 28. Nxb7 Rfb8 29. Ned6 Rf8 30. Rd2 Rab8 31. Re1 Nc5 32. Nxc5 Bxc5 33. Nc4 Rf4 34. Nxe5 Rxa4 35. Nd7 Rc8 36. g3 Ba7 37. Re7 Ra2 38. Nf6+ gxf6 39. Rxa7 Rb8 40. Rd6 Raxb2 41. Rxf6 Rc2 42. Rff7 Rb1+ 43. Kg2 Rbb2 44. Rg7+ Kf8 45. Raf7+ Ke8 46. Rxh7 a5 47. Rf4 Rxc3 48. Ra7 Ra2 49. Rh4 1-0

[Event "45th FIDE Womens Olympiad 2024"]
[Site "Budapest"]
[Date "2024.09.19"]
[Round "8.60"]
[White "Eric, Jovana"]
[Black "Garcia Andrada, Heidy Nicole"]
[Result "1/2-1/2"]
[ECO "B30"]
[WhiteElo "2162"]
[BlackElo "2003"]
[Annotator "RC"]
[PlyCount "106"]
[EventDate "2024.09.05"]
[EventType "team-tourn"]
[EventCountry "HUN"]
[SourceTitle "playchess.com"]
[Source "ChessBase"]
[SourceQuality "1"]
[WhiteTeam "Serbia"]
[BlackTeam "Peru"]
[WhiteTeamCountry "SRB"]
[BlackTeamCountry "PER"]
[TimeControl "40/5400+30:1800+30"]

1. e4 c5 2. Nf3 Nc6 3. Nc3 e5 4. Bc4 d6 5. d3 h6 6. h3 g6 7. a4 Bg7 8. Nh2 Nge7 9. Ng4 Nd4 10. Ne3 Rb8 11. Ncd5 Nxd5 12. Nxd5 O-O 13. c3 Ne6 14. O-O Qh4 15. Be3 Nf4 16. Bxf4 exf4 17. Qf3 Be5 18. Rad1 Be6 19. d4 cxd4 20. cxd4 Bxd5 21. Bxd5 Bg7 22. Rfe1 Qg5 23. Qb3 b6 24. Kh1 Rbc8 25. Rd3 Rc7 26. Red1 h5 27. Rf3 Bh6 28. Qa3 Qe7 29. Rc3 Rfc8 30. Rxc7 Rxc7 31. Qd3 Kh7 32. b3 Bg7 33. Re1 Qg5 34. Bc4 Kh6 35. Re2 Kh7 36. Qd2 Kh6 37. Qd3 Qe7 38. e5 dxe5 39. dxe5 Qg5 40. e6 fxe6 41. Rxe6 Re7 42. Qd5 Rxe6 43. Qxg5+ Kxg5 44. Bxe6 Bd4 45. Kg1 Kf6 46. Bc8 Ke5 47. Kf1 a5 48. Ke2 g5 49. Bd7 Kf6 50. Kf3 h4 51. Bc8 Bc5 52. Bd7 Bd4 53. Bc8 Bc5 1/2-1/2

[Event "45th FIDE Womens Olympiad 2024"]
[Site "Budapest"]
[Date "2024.09.19"]
[Round "8.61"]
[White "Alinasab, Mobina"]
[Black "Tsolakidou, Stavroula"]
[Result "1-0"]
[ECO "B50"]
[WhiteElo "2336"]
[BlackElo "2444"]
[Annotator "TA"]
[PlyCount "145"]
[EventDate "2024.09.05"]
[EventType "team-tourn"]
[EventCountry "HUN"]
[SourceTitle "playchess.com"]
[Source "ChessBase"]
[SourceQuality "1"]
[WhiteTeam "Iran"]
[BlackTeam "Greece"]
[WhiteTeamCountry "IRI"]
[BlackTeamCountry "GRE"]
[TimeControl "40/5400+30:1800+30"]

1. e4 c5 2. Nf3 d6 3. Bb5+ Bd7 4. Bxd7+ Nxd7 5. O-O Ngf6 6. Qe2 e6 7. b3 g6 8. c3 Bg7 9. d4 O-O {The position is equal.} 10. Rd1 Qc7 11. Nbd2 Nh5 12. Nf1 Rae8 13. Ng3 Nxg3 14. hxg3 cxd4 15. cxd4 f5 16. Ba3 {Threatens to win with Rac1.} fxe4 17. Qxe4 Rf5 (17... Nf6 $11 18. Qd3 Qd7) 18. Rac1 $14 Qb6 19. Rc2 Nf6 20. Qe2 {[%cal Oc2c8] Hoping for Rc8!} Ra5 {[#]} (20... Bf8 $14) 21. Rc8 $3 $16 d5 (21... Rxc8 22. Qxe6+ Kh8 23. Qxc8+ Ng8 24. Rc1 $18 (24. Qc1 Bh6 $16)) 22. Rxe8+ Nxe8 23. Bb4 Qa6 (23... Qxb4 $2 24. Qxe6+ Kh8 25. Rc1 $18 (25. Qxe8+ Qf8 $18)) (23... Ra6 $16 24. a3 Qc7) 24. Qc2 $1 $18 {Black is weak on the dark squares} Rb5 25. Bc5 Ra5 26. a3 {aiming for Qc3.} Qc6 27. Qe2 Ra6 28. Ne5 Qc8 (28... Bxe5 $14 {is superior.} 29. Qxe5 Qc7) 29. Nd3 {White has more active pieces.} Rc6 {[#]} (29... b6 $2 30. Be7 $18) 30. Nb4 $1 Rc7 31. Bxa7 Nd6 32. Bb6 ({Better is} 32. a4 $16) 32... Rc1 (32... Rc3 $1 $11) 33. g4 (33. Bc5 $16 Rxd1+ 34. Qxd1) 33... Ne4 $11 34. Qe1 {Against Nc3} Rxd1 35. Qxd1 Qc3 36. Ba7 Bf8 (36... Qd2 {simplifies} 37. Qxd2 Nxd2 38. Nc2 Nxb3 39. Kf1 Bf8) 37. Nd3 Bxa3 38. f3 $36 {[%mdl 2048] White is pushing.} Qd2 39. Qxd2 Nxd2 {[%mdl 4096] Endgame. KBN-KBN} 40. b4 Nc4 41. Kf2 Nb2 42. Nc5 Bxb4 43. Nxe6 Nd1+ (43... Ba5 $11) 44. Ke2 $14 Nc3+ 45. Kd3 b5 46. Bb8 h6 (46... Ba5 $14) 47. Bf4 $16 g5 $2 (47... Kf7 $16 {is a better defense.} 48. Nd8+ Kg7) 48. Bd2 $18 Na2 49. Nc7 Bxd2 50. Kxd2 {KN-KN} b4 51. Nxd5 {And now Kc2 would win.} b3 52. g3 $2 (52. Ne3 $18) 52... Kf7 $11 (52... b2 53. Kc2 Nc1 54. Ne7+ (54. Kxb2 Ne2 $18) 54... Kg7 55. Nf5+ (55. Kxb2 Nd3+ 56. Kc3 Ne1 $18) 55... Kg6 56. Kxb2 Nd3+ 57. Kc3 $18) 53. f4 gxf4 54. gxf4 b2 (54... Ke6 $11 55. Ne3 Kf7) 55. Kc2 $16 Nc1 56. Nc3 {Prevents Ne2.} (56. Kxb2 $16 Ne2 57. Kc2 Nxd4+ 58. Kd3) 56... b1=Q+ 57. Nxb1 Ne2 58. Kd3 Nxf4+ 59. Ke4 Ne6 60. d5 (60. Nd2 $5) 60... Nc7 61. Nc3 {d6 is the strong threat.} Kg6 $2 (61... Ne8 $1 $11) 62. Kf4 $2 (62. Ke5 $18) 62... h5 63. gxh5+ Kxh5 64. d6 Ne6+ $2 {[%mdl 8192] [#]} (64... Na6 $16) 65. Ke5 $2 (65. Kf5 $1 {mates} Nd8 66. Ne2 Kh6 67. Kf6 Kh5 68. Nf4+ Kg4 69. Ne6 Nb7 70. d7) 65... Nc5 66. Ne4 Nb7 $2 (66... Nd7+ $16 67. Ke6 Nb8) 67. d7 {White mates.} Kg6 68. Ke6 Nd8+ 69. Ke7 Nc6+ 70. Ke8 Kf5 71. Nd6+ ({Not} 71. d8=B Nxd8 72. Kxd8 $11) 71... Ke6 72. Nc4 ({Inferior is} 72. d8=R Nxd8 73. Kxd8 $11) 72... Kd5 {[#]} 73. Na5 $1 {[%mdl 512] Weighted Error Value: White=0.22 (precise) /Black=0.20 (precise) .  Loses game:     	---       	Black=4      Missed win:     	White=3     	---        Mistake:       	White=3     	Black=8      Inaccurate:     	White=7     	Black=2      OK:         	White=12    	Black=24     Best:        	White=8     	Black=6      Strong:       	White=2     	---        Brilliant:      	White=1     	---} 1-0

[Event "45th FIDE Womens Olympiad 2024"]
[Site "Budapest"]
[Date "2024.09.19"]
[Round "8.62"]
[White "Avramidou, Anastasia"]
[Black "Azali, Tannaz"]
[Result "1/2-1/2"]
[ECO "B40"]
[WhiteElo "2290"]
[BlackElo "2125"]
[Annotator "RC"]
[PlyCount "97"]
[EventDate "2024.09.05"]
[EventType "team-tourn"]
[EventCountry "HUN"]
[SourceTitle "playchess.com"]
[Source "ChessBase"]
[SourceQuality "1"]
[WhiteTeam "Greece"]
[BlackTeam "Iran"]
[WhiteTeamCountry "GRE"]
[BlackTeamCountry "IRI"]
[TimeControl "40/5400+30:1800+30"]

1. e4 c5 2. Nf3 e6 3. g3 Nc6 4. Bg2 d5 5. exd5 exd5 6. d4 h6 7. O-O Nf6 8. Re1+ Be7 9. dxc5 O-O 10. Nbd2 Bxc5 11. Nb3 Bb6 12. Be3 Bg4 13. c3 Bxe3 14. Rxe3 Qb6 15. Qd2 Rad8 16. Nfd4 Bh5 17. Rae1 Bg6 18. Nxc6 bxc6 19. Qd4 Be4 20. R3e2 Bxg2 21. Kxg2 Ne4 22. f3 Nd6 23. Re7 Nf5 24. Qxb6 axb6 25. Rb7 Rb8 26. Rxb8 Rxb8 27. g4 Nd6 28. Nd4 Rc8 29. Re7 c5 30. Ne2 Rd8 31. Kf2 Kf8 32. Ra7 Nc4 33. b3 Ne5 34. Ra4 Ke7 35. Ra7+ Rd7 36. Rxd7+ Nxd7 37. Ke3 Kd6 38. h4 g6 39. Ng3 Nf6 40. g5 hxg5 41. hxg5 Nd7 42. f4 Nb8 43. Nf1 Ke6 44. Kf3 Nc6 45. Nd2 Kf5 46. Nf1 Ke6 47. Nd2 Kf5 48. Nf1 Ke6 49. Nd2 1/2-1/2

[Event "45th FIDE Womens Olympiad 2024"]
[Site "Budapest"]
[Date "2024.09.19"]
[Round "8.63"]
[White "Karimi, Setayesh"]
[Black "Pavlidou, Ekaterini"]
[Result "1/2-1/2"]
[ECO "E49"]
[WhiteElo "2105"]
[BlackElo "2141"]
[Annotator "RC"]
[PlyCount "207"]
[EventDate "2024.09.05"]
[EventType "team-tourn"]
[EventCountry "HUN"]
[SourceTitle "playchess.com"]
[Source "ChessBase"]
[SourceQuality "1"]
[WhiteTeam "Iran"]
[BlackTeam "Greece"]
[WhiteTeamCountry "IRI"]
[BlackTeamCountry "GRE"]
[TimeControl "40/5400+30:1800+30"]

1. d4 Nf6 2. c4 e6 3. Nc3 Bb4 4. e3 O-O 5. Bd3 d5 6. cxd5 exd5 7. a3 Bxc3+ 8. bxc3 b6 9. Ne2 c5 10. O-O Ba6 11. Bxa6 Nxa6 12. Qd3 Qc8 13. a4 Re8 14. a5 c4 15. Qc2 Qc6 16. f3 b5 17. Bd2 Rab8 18. Rab1 Rb7 19. Ng3 g6 20. Rfe1 Rbe7 21. Re2 h5 22. Rbe1 h4 23. Nh1 Qb7 24. Qb1 Nc7 25. Nf2 Re6 26. e4 dxe4 27. fxe4 b4 28. Qxb4 Qxb4 29. cxb4 Nb5 30. Bg5 Nxd4 31. Rd2 Nc6 32. Bxh4 Nxb4 33. Bxf6 Rxf6 34. Rc1 Rc8 35. Rd4 Rfc6 36. Ng4 Nd3 37. Rc3 Kg7 38. Ne3 Ne5 39. Rd5 Rc5 40. Kf2 Rxd5 41. Nxd5 Rc5 42. Ra3 Ng4+ 43. Kg3 Nf6 44. Nc3 Nh5+ 45. Kf3 Kf6 46. a6 Ke5 47. Ke3 Nf6 48. h3 Nh5 49. Ra2 Ng7 50. Rb2 Rc6 51. Rb5+ Ke6 52. Ra5 Ne8 53. Nb5 Rb6 54. Kd4 f6 55. g4 Nd6 56. Nxa7 Kd7 57. g5 c3 58. Kxc3 Nxe4+ 59. Kd4 Nd6 60. gxf6 Rb4+ 61. Kc5 Rf4 62. Nb5 Rf5+ 63. Kb4 Rf4+ 64. Kc3 Rf3+ 65. Kc2 Nc4 66. a7 Nb6 67. Ra6 Na8 68. h4 Rf5 69. Nd4 Rf4 70. Kd3 Rxh4 71. Nf3 Rf4 72. Ne5+ Kc7 73. Nxg6 Rf1 74. Ke4 Kb7 75. Re6 Nc7 76. Re7 Rxf6 77. Rxc7+ Ka8 78. Rc8+ Kxa7 79. Ne5 Kb7 80. Rc1 Rd6 81. Nc4 Rd8 82. Ne3 Rd2 83. Nd5 Rh2 84. Rc7+ Ka6 85. Rc5 Rh4+ 86. Ke5 Rh5+ 87. Kd6 Rh6+ 88. Kd7 Rh7+ 89. Ne7 Kb6 90. Rc1 Kb5 91. Kd6 Rh6+ 92. Ke5 Rh5+ 93. Nf5 Kb4 94. Ke4 Rh8 95. Kd3 Rh3+ 96. Ne3 Rh4 97. Rc8 Kb5 98. Nf5 Rh5 99. Nd6+ Kb6 100. Kd4 Rh4+ 101. Ne4 Kb5 102. Rc1 Kb6 103. Rb1+ Kc6 104. Rg1 1/2-1/2

[Event "45th FIDE Womens Olympiad 2024"]
[Site "Budapest"]
[Date "2024.09.19"]
[Round "8.64"]
[White "Makropoulou, Marina"]
[Black "Behzad Nazif, Parva"]
[Result "1/2-1/2"]
[ECO "B90"]
[WhiteElo "2103"]
[BlackElo "2092"]
[Annotator "NA RC"]
[PlyCount "78"]
[EventDate "2024.09.05"]
[EventType "team-tourn"]
[EventCountry "HUN"]
[SourceTitle "playchess.com"]
[Source "ChessBase"]
[SourceQuality "1"]
[WhiteTeam "Greece"]
[BlackTeam "Iran"]
[WhiteTeamCountry "GRE"]
[BlackTeamCountry "IRI"]
[TimeControl "40/5400+30:1800+30"]

1. e4 c5 2. Nf3 d6 3. d4 cxd4 4. Nxd4 Nf6 5. Nc3 a6 6. Be3 e5 7. Nb3 Be7 8. h3 h6 9. Qd2 Be6 10. O-O-O b5 11. f3 Nbd7 12. Kb1 Nb6 13. Qf2 Nc4 14. Bxc4 Bxc4 15. Bb6 Qc8 16. Na5 Be6 17. Nd5 Bxd5 18. exd5 O-O 19. g4 Bd8 20. h4 h5 21. g5 Nd7 22. Bxd8 Qxd8 23. Nc6 Qc7 24. f4 g6 25. fxe5 Nxe5 26. Nxe5 dxe5 27. d6 Qd7 28. Rhe1 Qe6 29. Qc5 e4 30. Qd4 Rad8 31. d7 f5 32. gxf6 Rxf6 33. a3 Rf7 34. Qxe4 Qxe4 35. Rxe4 Rfxd7 36. Rxd7 Rxd7 37. a4 Kf7 38. axb5 axb5 39. Ka2 Rd5 1/2-1/2

[Event "45th FIDE Womens Olympiad 2024"]
[Site "Budapest"]
[Date "2024.09.19"]
[Round "8.65"]
[White "Rivera, Ingris"]
[Black "Efroimski, Marsel"]
[Result "0-1"]
[ECO "A46"]
[WhiteElo "2171"]
[BlackElo "2408"]
[Annotator "TA"]
[PlyCount "110"]
[EventDate "2024.09.05"]
[EventType "team-tourn"]
[EventCountry "HUN"]
[SourceTitle "playchess.com"]
[Source "ChessBase"]
[SourceQuality "1"]
[WhiteTeam "Colombia"]
[BlackTeam "Israel"]
[WhiteTeamCountry "COL"]
[BlackTeamCountry "ISR"]
[TimeControl "40/5400+30:1800+30"]

1. d4 Nf6 2. Nf3 e6 3. g3 b5 4. Bg2 Bb7 5. O-O c5 6. c3 Be7 7. a4 b4 8. dxc5 Bxc5 9. cxb4 Bxb4 {The position is equal.} 10. Nc3 O-O 11. Bf4 d5 12. Nb5 Nc6 13. Qb3 Qe7 14. Rac1 Ne4 15. Rfd1 Bc5 16. Be3 Bb4 17. Nfd4 (17. Ne5 {was preferrable.} Na5 (17... Nxe5 $2 18. Rc7 $18) 18. Qd3) 17... Na5 $11 18. Qa2 {Black must now prevent Rc7.} a6 19. Na3 f5 20. Nb3 ({White should try} 20. Nac2 $11 Bd6 21. f3) 20... Nxb3 $15 21. Qxb3 Bd6 $1 22. Bb6 Rab8 23. a5 Nc5 24. Qe3 {[#]} (24. Bxc5 $11 {remains equal.} Bxc5 25. Nc2) 24... Na4 ({Black should play} 24... f4 $1 $17 25. gxf4 Na4) 25. Rc2 (25. Ba7 $15) 25... Rbc8 (25... Nxb6 $17 26. axb6 f4) 26. Rdc1 (26. Rxc8 $11 Rxc8 27. Bd4) 26... Nxb2 27. Nb1 Na4 28. Bd4 $1 Rxc2 (28... f4 {is interesting.} 29. Qb3 Nc5 30. Qb2 fxg3 31. hxg3 Na4) 29. Rxc2 Rc8 30. Rxc8+ Bxc8 31. Nd2 Nc5 32. Qc3 (32. Nb3 $15 Nxb3 33. Qxb3) 32... Qc7 33. Qa1 Bb7 34. e3 Nd3 35. Bf1 Ne5 {Black is more active.} 36. f4 Nc4 37. Nb3 h6 38. Bd3 ({Better is} 38. Qc3) 38... Qc6 39. Kf2 Bf8 40. h3 Qb5 41. Qa2 Qb4 42. g4 fxg4 43. hxg4 Be7 {Wards off g5. aiming for ...Bh4+.} 44. Ke2 {[#]} Bc8 (44... Bc6 $142 $1 {[%cal Oe6e5] Hoping for ...e5!} 45. Nd2 Bb5 (45... Qxa5 $2 {is the wrong capture.} 46. Bxc4 Qxa2 47. Bxa2 $18) (45... Nxa5 46. Bxa6 Bd7 47. Bd3 $17)) 45. f5 $2 {[%mdl 8192] Loses the game.} (45. Nd2 $17) 45... e5 $19 46. Ba1 e4 47. Bxc4 Qxc4+ ({Less strong is} 47... dxc4 48. Nd2 $17) 48. Kf2 Bd7 {...Bb5 would now be deadly.} 49. Qb2 Bf6 50. Nd4 Bb5 {A strong pair of Bishops.} 51. Qb1 {Inhibits Qf1+.} Bxd4 52. Bxd4 Qe2+ 53. Kg3 (53. Kg1 $19 Qxg4+ 54. Kh2) 53... Qf3+ {Black mates.} 54. Kh2 Qf2+ 55. Kh1 Be2 {Weighted Error Value: White=0.45/Black=0.20 (precise) .  Loses game:     	White=1     	---        Mistake:       	White=8     	Black=3      Inaccurate:     	White=6     	Black=8      OK:         	White=14    	Black=11     Best:        	White=2     	Black=4      Strong:       	White=1     	Black=1} 0-1

[Event "45th FIDE Womens Olympiad 2024"]
[Site "Budapest"]
[Date "2024.09.19"]
[Round "8.66"]
[White "Orian, Noga"]
[Black "Argote Heredia, Valentina"]
[Result "1-0"]
[ECO "A40"]
[WhiteElo "2187"]
[BlackElo "2144"]
[Annotator "RC"]
[PlyCount "131"]
[EventDate "2024.09.05"]
[EventType "team-tourn"]
[EventCountry "HUN"]
[SourceTitle "playchess.com"]
[Source "ChessBase"]
[SourceQuality "1"]
[WhiteTeam "Israel"]
[BlackTeam "Colombia"]
[WhiteTeamCountry "ISR"]
[BlackTeamCountry "COL"]
[TimeControl "40/5400+30:1800+30"]

1. d4 Nf6 2. c4 e6 3. Nf3 Bb4+ 4. Bd2 a5 5. Qc2 d6 6. Nc3 Nc6 7. g3 e5 8. d5 Nb8 9. Bg2 O-O 10. O-O Qe7 11. Nh4 Ne8 12. e4 c6 13. Na4 Bxd2 14. Qxd2 Ra6 15. b3 g6 16. Rae1 b5 17. Nb2 b4 18. Kh1 c5 19. Qh6 Nf6 20. f3 Kh8 21. Qd2 Nh5 22. Nd3 a4 23. f4 exf4 24. Nxf4 Nxf4 25. Rxf4 g5 26. Nf5 Bxf5 27. Rxf5 f6 28. e5 dxe5 29. Be4 Nd7 30. Qg2 axb3 31. axb3 Kg7 32. h4 h6 33. Ref1 Ra3 34. Qf3 Ra6 35. Qg4 Rh8 36. Kg1 Rf8 37. Bc2 Rfa8 38. Bb1 e4 39. Bxe4 Ne5 40. Qh5 Qe8 41. hxg5 Qxh5 42. gxf6+ Rxf6 43. Rxh5 Rxf1+ 44. Kxf1 Nf7 45. Bc2 Ra1+ 46. Ke2 Rg1 47. Kf3 Ng5+ 48. Kf4 Rg2 49. Bd1 Rd2 50. Rh1 Rd4+ 51. Ke5 Rd3 52. g4 Nf7+ 53. Ke6 Ng5+ 54. Kd7 Kf6 55. Rxh6+ Ke5 56. Rh1 Kd4 57. Rf1 Kc3 58. Kc6 Kd4 59. d6 Ke5 60. Re1+ Kf6 61. Bc2 Rd2 62. Be4 Ra2 63. d7 Ne6 64. Bd5 Nd8+ 65. Kc7 Ra7+ 66. Kxd8 1-0

[Event "45th FIDE Womens Olympiad 2024"]
[Site "Budapest"]
[Date "2024.09.19"]
[Round "8.67"]
[White "Mogollon Tobar, Nicolle Julieth"]
[Black "Levitan, Ronit"]
[Result "1-0"]
[ECO "C54"]
[WhiteElo "2045"]
[BlackElo "2137"]
[Annotator "NA RC"]
[PlyCount "51"]
[EventDate "2024.09.05"]
[EventType "team-tourn"]
[EventCountry "HUN"]
[SourceTitle "playchess.com"]
[Source "ChessBase"]
[SourceQuality "1"]
[WhiteTeam "Colombia"]
[BlackTeam "Israel"]
[WhiteTeamCountry "COL"]
[BlackTeamCountry "ISR"]
[TimeControl "40/5400+30:1800+30"]

1. e4 e5 2. Nf3 Nc6 3. Bc4 Bc5 4. c3 Nf6 5. d3 d6 6. Nbd2 O-O 7. O-O a5 8. h3 Ba7 9. Re1 Ne7 10. Nf1 Ng6 11. Bb3 Be6 12. Bc2 h6 13. Ng3 d5 14. exd5 Nxd5 15. d4 exd4 16. Bxg6 fxg6 17. Rxe6 dxc3 18. Rxg6 Kh8 19. Qc2 Rf6 20. bxc3 Qf8 21. Rxf6 Qxf6 22. Bb2 Qd6 23. Nf5 Qg6 24. N3h4 Qg5 25. c4 Nf6 26. Ne7 1-0

[Event "45th FIDE Womens Olympiad 2024"]
[Site "Budapest"]
[Date "2024.09.19"]
[Round "8.68"]
[White "Kochavi, Dana"]
[Black "Lopez Rayo, Isabella"]
[Result "1-0"]
[ECO "C63"]
[WhiteElo "2009"]
[BlackElo "1952"]
[Annotator "NA RC"]
[PlyCount "91"]
[EventDate "2024.09.05"]
[EventType "team-tourn"]
[EventCountry "HUN"]
[SourceTitle "playchess.com"]
[Source "ChessBase"]
[SourceQuality "1"]
[WhiteTeam "Israel"]
[BlackTeam "Colombia"]
[WhiteTeamCountry "ISR"]
[BlackTeamCountry "COL"]
[TimeControl "40/5400+30:1800+30"]

1. e4 e5 2. Nf3 Nc6 3. Bb5 f5 4. Nc3 fxe4 5. Nxe4 Nf6 6. Nxf6+ Qxf6 7. Qe2 Be7 8. Bxc6 bxc6 9. Nxe5 Qe6 10. d4 O-O 11. Qc4 d6 12. Qxe6+ Bxe6 13. Nxc6 Bh4 14. g3 Bd5 15. Rg1 Rae8+ 16. Be3 Bxc6 17. gxh4 Rf4 18. d5 Bb5 19. O-O-O Rxh4 20. Bxa7 Rxh2 21. b3 Be2 22. Rde1 Rh5 23. Bd4 g6 24. c4 Rh4 25. Be3 Bf3 26. Bg5 Rhe4 27. Rxe4 Bxe4 28. Re1 Kf7 29. a4 Bf5 30. Rxe8 Kxe8 31. a5 Bc8 32. b4 Bb7 33. b5 h5 34. Kd2 Kd7 35. a6 Bc8 36. Ke3 Ke8 37. Kf4 Kd7 38. Bf6 Ke8 39. Kg5 Kf7 40. Bd8 Ke8 41. Bxc7 Ke7 42. f4 Kd7 43. Bb6 Ke7 44. Kxg6 h4 45. Bg1 h3 46. f5 1-0